 Dungeon Crawl Stone Soup version 0.30-a0-760-g5a9884bb7c (webtiles) character file.

Game seed: 9103696161387931158

4 Leeroy the Grasshopper (level 1, 0/11 HPs)
             Began as a Vine Stalker Warper on Feb 11, 2023.
             Slain by a quokka (3 damage)
             ... on level 1 of the Dungeon.
             The game lasted 00:00:15 (295 turns).

Leeroy the Grasshopper (Vine Stalker Warper)         Turns: 295, Time: 00:00:16

Health: 0/11       AC:  3    Str: 13    XL:     1   Next: 70%
Magic:  0/4        EV: 11    Int: 13    God:
Gold:   41         SH:  0    Dex: 13    Spells: 4/4 levels left

rFire   . . .      SeeInvis .    a - +0 falchion
rCold   . . .      Faith    .    (no shield)
rNeg    . . .      Spirit   +    b - +0 leather armour
rPois   .          Reflect  .    (no helmet)
rElec   .          Harm     .    (no cloak)
rCorr   .          Rampage  .    (no gloves)
Will    .....                    (no boots)
Stlth   +                        (no amulet)
HPRegen 0.21/turn                (no ring)
MPRegen 0.09/turn                (no ring)

@: no status effects
A: fangs 2, magic shield, antimagic bite, no potion heal 2
a: no special abilities


You were on level 1 of the Dungeon.
You visited 1 branch of the dungeon, and saw 1 of its levels.

You collected 41 gold pieces.

Inventory:

Hand Weapons
 a - a +0 falchion (weapon)
Missiles
 d - 7 boomerangs of dispersal (quivered)
Armour
 b - a +0 leather armour (worn)
Jewellery
 f - an amulet of magic regeneration
Scrolls
 c - a scroll of blinking
 e - a scroll of noise {unknown}
 g - a scroll of amnesia {unknown}
Potions
 h - a potion of degeneration {unknown}


   Skills:
 - Level 1.7 Fighting
 + Level 2.2 Long Blades
 - Level 0.8 Throwing
 - Level 0.7 Armour
 - Level 1.5 Dodging
 - Level 2.1 Spellcasting
 - Level 3.0 Translocations


You had 4 spell levels left.
You didn't know any spells.
Your spell library contained the following spells:

 Spells                   Type           Power      Damage    Failure   Level
 Blink                    Tloc           18%        N/A       14%         2
 Lesser Beckoning         Tloc           18%        N/A       14%         2
 Teleport Other           Tloc           9%         N/A       28%         3
 Vhi's Electric Charge    Tloc/Air       10%        N/A       45%         3
 Manifold Assault         Tloc           9%         N/A       67%         4


Dungeon Overview and Level Annotations

Branches:
Dungeon (1/15)

Altars:


Innate Abilities, Weirdness & Mutations

You have extremely sharp teeth.
When hurt, damage is shared between your health and your magic reserves.
Your bite disrupts and absorbs the magic of your enemies.
Potions cannot restore your health.


Message History

Found a club.
Found a leather armour.
No target in view!
No target in view!
No target in view!
A kobold comes into view. It is wielding a +0 dagger.
A kobold is nearby!
The kobold throws a stone.
The stone closely misses you.
A quokka comes into view.
Found a flail.
The kobold throws a stone.
The stone hits you. The kobold hits you but does no damage.
You closely miss the kobold. Your bite misses the kobold.
The kobold hits you but does no damage.
You closely miss the kobold.
The kobold hits you with a +0 dagger. x2
You closely miss the kobold. The kobold hits you with a +0 dagger.
You closely miss the quokka. Your bite misses the quokka.
The quokka bites you but does no damage.
The kobold hits you but does no damage.
The quokka bites you but does no damage.
You closely miss the quokka. Your bite misses the quokka.
The kobold hits you with a +0 dagger. The quokka barely misses you.
You closely miss the quokka. Your bite misses the quokka.
The quokka barely misses you. The kobold hits you but does no damage.
The quokka bites you.
* * * LOW HITPOINT WARNING * * *
You hit the kobold.
You kill the kobold!
The quokka bites you.
* * * LOW HITPOINT WARNING * * *
You closely miss the quokka. You bite the quokka, but do no damage.
The quokka misses you.
You closely miss the quokka. The quokka closely misses you.
The quokka barely misses you.
You closely miss the quokka. The quokka bites you.
* * * LOW HITPOINT WARNING * * *
You miss the quokka. You punch the quokka, but do no damage.
You bite the quokka, but do no damage.
The quokka bites you but does no damage.
The quokka bites you.
You die...

.. # #.#. #. #
#.r.### #...###
#.#...# #....
#...#.# #####
#.....# # #
##$....###.# #
#......r@).#
#)###..##########
#...........#
#.#########.#
...# ##.## #...#
##...## #)....
##.#.#.## #......
##.#..##.## #
#.......
##.#...###.#####


You could see a quokka.

Vanquished Creatures
  An endoplasm (D:1)
  A hobgoblin (D:1)
  2 kobolds (D:1)
4 creatures vanquished.

Notes
Turn   | Place    | Note
-------+----------+-------------------------------------------
     0 | D:1      | Leeroy the Vine Stalker Warper began the quest for the Orb.
     0 | D:1      | Reached XP level 1. HP: 11/11 MP: 4/4
   295 | D:1      | Slain by a quokka

Illustrated notes

Levels and vault maps discovered:
D:1:      dpeg_arrival_arbitrary_b, layout_loops_corners, minmay_nonomino_d4

Skill      XL: |  1 |
---------------+----+-----
Long Blades    | 2 |  2.2
Fighting       | |  1.7
Throwing       | |  0.8
Armour         | |  0.7
Dodging        | |  1.5
Spellcasting   | |  2.1
Translocations | |  3.0

Action                     || total
---------------------------++-------
  Melee: Falchion          ||    24
         Bite              ||     3
         Punch             ||     1
 Armour: Leather armour    ||    13
  Dodge: Dodged            ||    11

Table legend: (Time is in decaauts)
 A = Elapsed time spent in this place.
 B = Non-inter-level travel time spent in this place.
 C = Inter-level travel time spent in this place.
 D = Time resting spent in this place.
 E = Time spent auto-exploring this place.
 F = Levels seen in this place.
 G = Mean time per level.
                   A        B        C        D        E       F      G
               +--------+--------+--------+--------+--------+-----+--------+
         Total |    299 |    299 |      0 |      0 |    251 |   1 |  299.0 |
       Dungeon |    299 |    299 |      0 |      0 |    251 |   1 |  299.0 |
               +--------+--------+--------+--------+--------+-----+--------+

Top non-repeatable levels by time:
     D:1: 299 daAuts
